 Dungeon Crawl Stone Soup version 0.30-a0-222-ge547ba4400 (webtiles) character file.

Game seed: 830853793975636736

1875 porpoise the Spear-Bearer (level 9, -1/64 (72) HPs)
             Began as a Merfolk Gladiator on Oct 9, 2022.
             Was a Believer of Fedhas.
             Slain by a phantom (2 damage)
             ... on level 6 of the Dungeon.
             The game lasted 00:23:20 (5817 turns).

porpoise the Spear-Bearer (Merfolk Gladiator)       Turns: 5817, Time: 00:23:22

HP:   -1/64 (72)    AC:  7    Str: 18    XL:     9   Next: 14%
MP:   14/14         EV: 12    Int:  8    God:    Fedhas [**....]
Gold: 665           SH:  0    Dex: 15    Spells: 8/8 levels left

rFire   . . .      SeeInvis .    a - +0 trident
rCold   . . .      Faith    .    (no shield)
rNeg    . . .      Spirit   .    o - +0 ring mail
rPois   .          Reflect  .    c - +0 helmet
rElec   .          Harm     .    (no cloak)
rCorr   .          Rampage  .    x - +0 pair of gloves
Will    .....                    (no boots)
Stlth   +.........               v - amulet of regeneration
HPRegen 1.10/turn                (no ring)
MPRegen 0.14/turn                (no ring)

@: mighty, heavily drained
A: (nimble swimmer 2), mertail
a: Renounce Religion, Wall of Briars


You were on level 6 of the Dungeon.
You worshipped Fedhas.
Fedhas was pleased with you.
You visited 1 branch of the dungeon, and saw 6 of its levels.
You also visited: Ossuary.

You collected 665 gold pieces.

Inventory:

Hand Weapons
 a - a +0 trident (weapon)
 b - a +0 sling
 y - the +0 dagger "Fiklesch" {flame, rF+ Will+ Int-3 Dex+4}
   (You found it on level 4 of the Dungeon)

   It burns those it strikes, dealing additional fire damage.
   Int:       It affects your intelligence (-3).
   Dex:       It affects your dexterity (+4).
   rF:        It protects you from fire.
   Will:      It increases your willpower.
 z - a +2 great sword of holy wrath
Missiles
 d - 3 throwing nets
 e - a javelin
 m - 21 poisoned darts (quivered)
 t - a boomerang
Armour
 c - a +0 helmet (worn)
 o - a +0 ring mail (worn)
 x - a +0 pair of gloves (worn)
Jewellery
 v - an amulet of regeneration (around neck)
 C - an amulet of guardian spirit
 D - a ring of wizardry
Wands
 A - a wand of flame (1)
Scrolls
 h - 2 scrolls of vulnerability {unknown}
 l - a scroll of blinking
 s - 3 scrolls of teleportation
 u - a scroll of immolation {unknown}
 w - a scroll of enchant weapon {unknown}
Potions
 f - 2 potions of might
 g - 2 potions of mutation
 i - a potion of heal wounds
 j - 8 potions of curing
 k - 2 potions of invisibility
 n - 4 potions of lignification
 p - a potion of cancellation
 q - 2 potions of ambrosia
 r - 2 potions of haste
 B - a potion of brilliance {unknown}


   Skills:
 - Level 7.0 Fighting
 + Level 9.8 Polearms
 - Level 2.0 Throwing
 + Level 1.9 Armour
 - Level 4.0 Dodging
 + Level 6.9 Invocations


You had 8 spell levels left.
You didn't know any spells.
Your spell library contained the following spells:

 Spells                   Type           Power      Damage    Failure   Level
 Freeze                   Ice            0%         1d3       58%         1
 Slow                     Hex            0%         N/A       58%         1
 Confusing Touch          Hex            0%         N/A       92%         3
 Frozen Ramparts          Ice            0%         1d1       92%         3
 Hailstorm                Conj/Ice       0%         3d3       92%         3
 Inner Flame              Hex/Fire       0%         N/A       92%         3
 Vampiric Draining        Necr           0%         2d6       92%         3
 Animate Dead             Necr           0%         N/A       100%        4
 Cause Fear               Hex            0%         N/A       100%        4
 Borgnjor's Vile Clutch   Necr/Erth      0%         N/A       100%        5
 Death Channel            Necr           0%         N/A       100%        6
 Discord                  Hex            0%         N/A       100%        8


Dungeon Overview and Level Annotations

Branches:
Dungeon (6/15)             Temple (0/1) D:4         Ossuary (visited)

Altars:
Fedhas
Gozag
Hepliaklqana
Makhleb
Okawaru
Vehumet
Xom
Yredelemnul
Zin
The Shining One

Annotations:
D:6 exclusion: door


Innate Abilities, Weirdness & Mutations

((You are very nimble when in or above water. (Stealth+, EV+, Speed+++)))
Your lower body shifts to a powerful aquatic tail in water.


Message History

The wight is almost destroyed.
The wight misses you.
You closely miss the wight. Your punch misses the wight.
The wight is almost destroyed.
The wight hits you with a +2 scimitar of protection!
You feel drained.
You hit the wight but do no damage.
The wight is almost destroyed.
The wight hits you with a +2 scimitar of protection.
You barely miss the wight.
The wight is almost destroyed.
The wight hits you with a +2 scimitar of protection!
You feel drained.
You hit the wight but do no damage.
The wight is almost destroyed.
You hit the wight but do no damage.
The wight is almost destroyed.
The wight hits you with a +2 scimitar of protection!
You barely miss the wight.
The wight is almost destroyed.
The wight closely misses you.
You hit the wight but do no damage.
The wight is almost destroyed.
The wight misses you.
You feel very mighty all of a sudden. The wight misses you.
You hit the wight but do no damage.
The wight is almost destroyed.
The wight hits you with a +2 scimitar of protection!
* * * LOW HITPOINT WARNING * * *
You puncture the wight!
You destroy the wight!
Fedhas accepts your kill. The ice beast barely misses you.
The shadow strikes at you from the darkness!
* * * LOW HITPOINT WARNING * * *
Reactivating autopickup.
The phantom hits you.
You die...
Fedhas appreciates your contribution to the ecosystem.

...# ###...## #.#######...##
#......##.#..########
######...............#
######......####.....####.#
##.....####.#(.##...##..#.######
.#.##### #.#...##.##...#......##
...### #.##.WY#.#{..##.......#
#....######..##W@#.#+.##.........
####..........###...###..........
######............8..............
..............###...###..........
######>......## +#)#†.##.........
. #......## #.#...##.......# .
###.##.# ##.##...#......## <
#..##.# ##...##.(#.######
#.#...####.....####.#


You could see an ice beast, a phantom and a shadow.

Vanquished Creatures
  Pikel (D:5)
  Edmund (D:5)
  A black bear (D:6)
  An ogre (D:6)
  2 ice beasts
  2 phantoms
  3 scorpions
  A wight (D:6)
  A howler monkey (D:4)
  2 hounds
  2 scorpion zombies (D:5)
  2 iguanas
  2 orc wizards
  A killer bee zombie (D:5)
  3 hound zombies (D:5)
  8 mummies (Ossuary)
  6 adders
  14 orcs
  8 ball pythons
  3 endoplasms
  7 giant cockroaches
  6 goblins
  9 hobgoblins
  2 jackals (D:1)
  7 kobolds
  2 quokkas
  4 bats
  3 frilled lizards
  2 gnoll zombies (Ossuary)
  2 hobgoblin zombies (Ossuary)
  3 kobold zombies (Ossuary)
  An orc zombie (Ossuary)
  9 rats
121 creatures vanquished.

Vanquished Creatures (others)
  An angel (D:3)
1 creature vanquished.

Grand Total: 122 creatures vanquished

Notes
Turn   | Place    | Note
-------+----------+-------------------------------------------
     0 | D:1      | porpoise the Merfolk Gladiator began the quest for the Orb.
     0 | D:1      | Reached XP level 1. HP: 16/16 MP: 1/1
   174 | D:1      | Found a faded altar of an unknown god.
   441 | D:1      | Reached XP level 2. HP: 23/23 MP: 2/2
   795 | D:1      | Reached XP level 3. HP: 27/29 MP: 3/3
  1429 | D:2      | Reached skill level 5 in Polearms
  1694 | D:3      | Found a blossoming altar of Fedhas.
  1701 | D:3      | Became a worshipper of Fedhas Madash
  1824 | D:3      | Noticed an angel
  1825 | D:3      | Found a shimmering altar of Xom.
  1825 | D:3      | Noticed an ice beast
  1834 | D:3      | Killed an ice beast
  1835 | D:3      | Reached skill level 1 in Invocations
  1835 | D:3      | Reached XP level 4. HP: 37/37 MP: 3/5
  1835 | D:3      | Reached XP level 5. HP: 42/42 MP: 3/6
  1857 | D:3      | Found a glowing silver altar of Zin.
  2166 | D:3      | Killed an angel
  2312 | D:3      | Found a burning altar of Makhleb.
  2339 | D:3      | Reached * piety under Fedhas
  2659 | D:4      | Reached skill level 6 in Polearms
  2665 | D:4      | Found a staircase to the Ecumenical Temple.
  2748 | D:4      | Found an iron altar of Okawaru.
  2777 | D:4      | Found a sand-covered staircase.
  2786 | Ossuary  | Entered an ossuary
  3025 | Ossuary  | Reached XP level 6. HP: 13/49 MP: 6/8
  4034 | D:4      | Found a hazy altar of Hepliaklqana.
  4129 | D:4      | Identified the +0 dagger "Fiklesch" {flame, rF+ Will+ Int-3
                  | Dex+4}
  4225 | D:4      | Reached ** piety under Fedhas
  4328 | D:4      | Reached skill level 5 in Fighting
  4328 | D:4      | Reached XP level 7. HP: 54/56 MP: 9/9
  4452 | D:5      | Entered Level 5 of the Dungeon
  4473 | D:5      | Reached skill level 7 in Polearms
  4601 | D:5      | Found a basalt altar of Yredelemnul.
  4687 | D:5      | Noticed Edmund
  4696 | D:5      | Killed Edmund
  4777 | D:5      | Found a radiant altar of Vehumet.
  4801 | D:5      | Noticed Pikel
  4831 | D:5      | Killed Pikel
  4832 | D:5      | Reached skill level 8 in Polearms
  4832 | D:5      | Reached skill level 5 in Invocations
  4832 | D:5      | Reached XP level 8. HP: 33/65 MP: 10/12
  4970 | D:5      | Found a glowing golden altar of the Shining One.
  5132 | D:5      | Found an opulent altar of Gozag.
  5143 | D:5      | Reached skill level 9 in Polearms
  5606 | D:6      | Reached skill level 1 in Armour
  5619 | D:6      | Reached XP level 9. HP: 72/72 MP: 12/14
  5817 | D:6      | HP: 1/64 [something (17)]
  5817 | D:6      | Slain by a phantom

Illustrated notes

Levels and vault maps discovered:
D:1:      minmay_arrival_nine_rooms, layout_basic,
          chequers_ecumenical_altar_simple_redux, minivault_11
D:2:      layout_basic, serial_corexii_hall, corexii_hall_statues_t,
          corexii_hall_statues_i
D:3:      layout_loops_corners, grunt_temple_overflow_order_and_chaos_1,
          mainiacjoe_overflow_surrounded_room, fedhas_altar_1
D:4:      layout_basic, okawaru_metal_pillars_1_2,
          worldfamousw_hep_ancestral_shrine, minmay_temple_entry_arrows,
          lightli_ossuary_entry_decrepit_ruins, dk_noncrumbling_3
D:5:      layout_gridville, mainiacjoe_overflow_alcove_4,
          nicolae_yredelemnul_corpse_copse,
          nicolae_gozag_cash_rules_everything_around_me, vehumet_altar_wand_db,
          uniq_pikel, uniq_edmund
D:6:      cheibrodos_barr_body, layout_rooms, kennysheep_dice

Skill      XL: |  1  2  3  4  5  6  7  8 |
---------------+-------------------------+-----
Fighting       | 3 4 5 6 7 |  7.0
Polearms       | 5 6 8 9 |  9.8
Invocations    | 1 2 3 5 6 |  6.9
Armour         | 1 |  1.9
Throwing       | |  2.0
Dodging        | |  4.0

Action                   |  1- 3 |  4- 6 |  7- 9 || total
-------------------------+-------+-------+-------++-------
Melee: Trident           |   119 |   198 |   237 ||   554
       Punch             |     2 |     2 |     3 ||     7
       Great sword       |       |       |    13 ||    13
 Fire: Sling             |     7 |    44 |       ||    51
Throw: Dart              |       |       |    32 ||    32
Evoke: Wand              |       |       |     2 ||     2
  Use: Scroll            |       |    10 |     1 ||    11
       Potion            |       |     3 |     1 ||     4
Armor: Leather armour    |    12 |       |       ||    12
       Ring mail         |     3 |    51 |    98 ||   152
Dodge: Dodged            |    59 |    87 |   127 ||   273

Table legend: (Time is in decaauts)
 A = Elapsed time spent in this place.
 B = Non-inter-level travel time spent in this place.
 C = Inter-level travel time spent in this place.
 D = Time resting spent in this place.
 E = Time spent auto-exploring this place.
 F = Levels seen in this place.
 G = Mean time per level.
                   A        B        C        D        E       F      G
               +--------+--------+--------+--------+--------+-----+--------+
         Total |   5811 |   5639 |    172 |   1077 |   3188 |   7 |  830.1 |
       Dungeon |   4922 |   4750 |    172 |    544 |   3088 |   6 |  820.3 |
       Ossuary |    889 |    889 |      0 |    532 |    100 |   1 |  889.0 |
               +--------+--------+--------+--------+--------+-----+--------+

Top non-repeatable levels by time:
     D:1: 1108 daAuts
     D:4: 979 daAuts
     D:3: 917 daAuts
 Ossuary: 889 daAuts
     D:5: 752 daAuts
     D:6: 588 daAuts
     D:2: 576 daAuts
